 Dungeon Crawl Stone Soup version 0.24-a0-715-g0b739ee41d (webtiles) character file.

Game seed: 8723112804961096108, levelgen mode: deterministic

884244 Ijustatesigmund the Hill Orc Aeon (level 27, -3/245 HPs)
             Began as a Hill Orc Fighter on Sept 24, 2019.
             Was the Champion of Cheibriados.
             Splashed by an acid blob's acid (4 damage)
             ... created by the Royal Jelly
             ... on level 5 of the Pits of Slime on Sept 30, 2019.
             The game lasted 04:57:53 (79527 turns).

Ijustatesigmund the Hill Orc Aeon (HOFi)           Turns: 79527, Time: 04:57:54

Health: -3/245     AC: 31    Str: 37      XL:     27
Magic:  22/44      EV: 24    Int: 31      God:    Cheibriados [******]
Gold:   4445       SH: 26    Dex: 30 (31) Spells: 8/35 levels left

rFire    + + +     SeeInvis .   M - +9 broad axe (flame)
rCold    + + +     Gourm    .   E - +5 shield {AC+3}
rNeg     . . .     Faith    .   I - +8 plate armour "Cietz" {rF+ rC++ Int+3}
rPois    .         Spirit   .   (helmet restricted)
rElec    +         Reflect  +   n - +2 cloak {MR+}
rCorr    +         Harm     .   O - +1 pair of gloves of the Hidden People {rF- rC+ Str+3 Int+7}
MR       +++++     Rnd*Rage +   F - +2 pair of boots Stlth ..........Rnd*Tele +
                                B - +2 amulet of reflection
HPRegen  0.50/turn              S - ring "Wiotsatt" {*Contam rF+++ MR++ Int-4 Dex+3}
MPRegen  0.29/turn              l - ring of resist corrosion

@: corroded, very slow
A: antennae 1, claws 1, hooves 1, molten scales 1, thin metallic scales 1,
berserk 1, blurry vision 3, clumsy 2, cold resistance 1, deformed body,
deterioration 2, frail 1, high mp 1, screaming 2, electricity resistance,
teleportitis 1, weak 2, subdued magic 1
}: 4/15 runes: decaying, silver, abyssal, gossamer
a: Bend Time, Temporal Distortion, Slouch, Step From Time, Renounce Religion


You were on level 5 of the Pits of Slime.
You worshipped Cheibriados.
Cheibriados was exalted by your worship.
You were hungry.

You visited 14 branches of the dungeon, and saw 61 of its levels.
You visited the Abyss 3 times.
You visited 1 bazaar.
You visited 1 ziggurat, and saw 16 of its levels.
You also visited: Gauntlet and Ice Cave.

You collected 10520 gold pieces.
You spent 6075 gold pieces at shops.

Inventory:

Hand Weapons
 t - a +9 broad axe of venom
 M - a +9 broad axe of flaming (weapon)
Missiles
 d - 20 curare-tipped darts (quivered)
 k - 5 silver javelins
Armour
 n - a +2 cloak of magic resistance (worn)
 x - the +0 helmet of Voklyor {Regen+ Str+4 Stlth+}
   (You found it in a Gauntlet)

   It affects your strength (+4).
   It increases your rate of regeneration.
   It makes you more stealthy.
 E - a +5 shield of protection (worn)
 F - a +2 pair of boots (worn)
 I - the +8 plate armour "Cietz" (worn) {rF+ rC++ Int+3}
   (You acquired it on level 4 of the Swamp)

   It affects your intelligence (+3).
   It protects you from fire.
   It greatly protects you from cold.
 O - the +1 pair of gloves of the Hidden People (worn) {rF- rC+ Str+3 Int+7}
   (You bought it in a shop on level 2 of the Orcish Mines)

   It affects your strength (+3).
   It affects your intelligence (+7).
   It makes you vulnerable to fire.
   It protects you from cold.
Jewellery
 g - an uncursed ring of flight
 l - a ring of resist corrosion (right hand)
 o - an uncursed ring of see invisible
 B - a +2 amulet of reflection (around neck)
 R - the ring "Ryczuepp" {rN++ Stlth-}
   (You bought it in a shop on level 2 of the Orcish Mines)

   [ring of attention]

   It greatly protects you from negative energy.
   It makes you less stealthy.
 S - the ring "Wiotsatt" (left hand) {*Contam rF+++ MR++ Int-4 Dex+3}
   (You bought it in a shop on level 4 of the Vaults)

   [ring of dexterity]

   It affects your intelligence (-4).
   It affects your dexterity (+3).
   It renders you almost immune to fire.
   It affects your resistance to hostile enchantments.
   It causes magical contamination when unequipped.
 T - a +3 ring of slaying
 X - the ring "Waxkyvod" {+Inv rC+ rN+ Dex+3}
   (You took it off a deep elf death mage on level 3 of the Elven Halls)

   [ring of positive energy]

   It affects your dexterity (+3).
   It protects you from cold.
   It protects you from negative energy.
   It lets you turn invisible.
Wands
 p - a wand of scattershot (5)
 w - a wand of iceblast (8)
 y - a wand of polymorph (20)
 A - a wand of enslavement (3)
 G - a wand of digging (8)
 V - a wand of disintegration (1)
 Y - a wand of paralysis (6)
 Z - a wand of acid (5)
Scrolls
 e - 39 scrolls of remove curse
 h - 9 scrolls of fog
 j - a scroll of blinking
 m - 20 scrolls of teleportation
 q - 9 scrolls of amnesia
 v - 20 scrolls of identify
 z - 2 scrolls of silence
 D - a scroll of summoning
 L - 14 scrolls of fear
 P - 6 scrolls of enchant armour
 Q - a scroll of holy word
 W - 7 scrolls of magic mapping
Potions
 a - 4 potions of mutation
 c - 4 potions of invisibility
 i - 20 potions of curing
 r - 7 potions of brilliance
 s - 6 potions of flight
 u - 4 potions of might
 H - a potion of agility
 J - 4 potions of magic
 N - 6 potions of ambrosia
 U - 5 potions of heal wounds
Miscellaneous
 b - a phantom mirror
 K - a lamp of fire
Comestibles
 f - 68 rations


   Skills:
 O Level 27 Fighting
 O Level 27 Axes
 - Level 13.5 Throwing
 - Level 26.2 Armour
 - Level 14.4 Dodging
 - Level 5.1 Stealth
 + Level 18.3 Shields
 - Level 4.8 Spellcasting
 + Level 14.9 Conjurations
 - Level 9.2 Hexes
 + Level 14.6 Summonings
 - Level 9.1 Translocations
 + Level 12.7 Earth Magic
 O Level 27 Invocations
 - Level 17.0 Evocations


You had 8 spell levels left.
You knew the following spells:

 Your Spells              Type           Power        Failure   Level  Hunger
a - Iron Shot             Conj/Erth      ######....   5%          6    ######.
b - Apportation           Tloc           #####.       1%          1    None
c - Blink                 Tloc           N/A          1%          2    None
d - Portal Projectile     Hex/Tloc       #####.       1%          3    None
e - Lehudib's Crystal Sp  Conj/Erth      ######....   95%         8    #######
f - Spellforged Servitor  Conj/Summ      ######....   22%         7    #######

Your spell library contained the following spells:

 Spells                   Type           Power        Failure   Level  Hunger
 Magic Dart               Conj           ####         0%          1    None
 Summon Small Mammal      Summ           ####         0%          1    None
 Confusing Touch          Hex            #####.       1%          1    None
 Corona                   Hex            #####..      1%          1    None
 Flame Tongue             Conj/Fire      #####        1%          1    None
 Sandblast                Erth           ######       1%          1    None
 Shock                    Conj/Air       ####         1%          1    None
 Call Imp                 Summ           ######..     1%          2    None
 Passwall                 Tmut/Erth      #####...     1%          2    None
 Searing Ray              Conj           ######       1%          2    None
 Slow                     Hex            #####...     1%          2    None
 Throw Frost              Conj/Ice       #####.       1%          2    None
 Call Canine Familiar     Summ           ######..     1%          3    None
 Confuse                  Hex            #####...     1%          3    None
 Conjure Flame            Conj/Fire      #####...     1%          3    None
 Dazzling Spray           Conj/Hex       ######       1%          3    None
 Gell's Gravitas          Tloc           #####.....   1%          3    None
 Static Discharge         Conj/Air       #####...     1%          3    None
 Stone Arrow              Conj/Erth      ######       1%          3    None
 Summon Guardian Golem    Hex/Summ       ######..     1%          3    None
 Tukima's Dance           Hex            #####...     1%          3    None
 Force Lance              Conj/Tloc      ######..     1%          4    ###....
 Fulminant Prism          Conj/Hex       ######....   1%          4    ###....
 Iskenderun's Mystic Bla  Conj           ######..     1%          4    ###....
 Leda's Liquefaction      Hex/Erth       ######....   1%          4    ###....
 Lee's Rapid Deconstruct  Erth           ######....   1%          5    #####..
 Summon Demon             Summ           ######....   1%          5    #####..
 Summon Forest            Summ/Tloc      ######....   1%          5    #####..
 Ensorcelled Hibernation  Hex/Ice        ####..       2%          2    None
 Cause Fear               Hex            #####.....   2%          4    ###....
 Passage of Golubria      Tloc           N/A          2%          4    ###....
 Mephitic Cloud           Conj/Pois/Air  ####....     3%          3    None
 Shadow Creatures         Summ           N/A          3%          6    ######.
 Inner Flame              Hex/Fire       ####....     4%          3    None
 Spectral Weapon          Hex/Chrm       ####....     4%          3    None
 Sticky Flame             Conj/Fire      #####...     4%          4    ###....
 Summon Ice Beast         Ice/Summ       #####...     4%          4    ###....
 Summon Lightning Spire   Summ/Air       #####...     4%          4    ###....
 Throw Icicle             Conj/Ice       #####...     4%          4    ###....
 Bolt of Magma            Conj/Fire/Erth #####.....   7%          5    #####..
 Animate Skeleton         Necr           N/A          11%         1    None
 Beastly Appendage        Tmut           #.....       11%         1    None
 Freeze                   Ice            #...         11%         1    None
 Pain                     Necr           #...         11%         1    None
 Bolt of Draining         Conj/Necr      #####.....   14%         5    #####..
 Fireball                 Conj/Fire      #####.....   14%         5    #####..
 Irradiate                Conj/Tmut      #####.....   14%         5    #####..
 Iskenderun's Battlesphe  Conj/Chrm      #####...     14%         5    #####..
 Lightning Bolt           Conj/Air       #####.....   14%         5    #####..
 Venom Bolt               Conj/Pois      #####.....   14%         5    #####..
 Corpse Rot               Necr           N/A          17%         2    None
 Poisonous Vapours        Pois/Air       #.....       17%         2    None
 Sticks to Snakes         Tmut           #.......     17%         2    None
 Sublimation of Blood     Necr           #.........   17%         2    None
 Swiftness                Chrm/Air       #.......     17%         2    None
 Orb of Destruction       Conj           ######....   21%         7    #######
 Borgnjor's Vile Clutch   Necr/Erth      #####.....   22%         5    #####..
 Monstrous Menagerie      Summ           ######....   22%         7    #######
 Summon Greater Demon     Summ           ######....   22%         7    #######
 Summon Hydra             Summ           ######....   22%         7    #######
 Ignite Poison            Fire/Tmut/Pois #.......     32%         3    None
 Ozocubu's Armour         Chrm/Ice       #.......     32%         3    None
 Spider Form              Tmut/Pois      #.........   32%         3    None
 Darkness                 Hex            #####.....   36%         6    ######.
 Invisibility             Hex            #####...     36%         6    ######.
 Dispersal                Tloc           #####.....   38%         6    ######.
 Metabolic Englaciation   Hex/Ice        ####......   43%         5    #####..
 Silence                  Hex/Air        ####......   43%         5    #####..
 Yara's Violent Unravell  Hex/Tmut       ####......   43%         5    #####..
 Malign Gateway           Summ/Tloc      ######....   61%         7    #######
 Bolt of Cold             Conj/Ice       #####.....   63%         6    ######.
 Bolt of Fire             Conj/Fire      #####.....   63%         6    ######.
 Conjure Ball Lightning   Conj/Air       #####.....   63%         6    ######.
 Poison Arrow             Conj/Pois      #####.....   63%         6    ######.
 Airstrike                Air            #.........   75%         4    ###....
 Animate Dead             Necr           N/A          75%         4    ###....
 Ice Form                 Ice/Tmut       #.......     75%         4    ###....
 Statue Form              Tmut/Erth      #####....    80%         6    ######.
 Summon Horrible Things   Summ           ######....   89%         8    #######
 Freezing Cloud           Conj/Ice/Air   ####......   93%         6    ######.
 Agony                    Necr           #.......     98%         5    #####..
 Blade Hands              Tmut           #.........   98%         5    #####..
 Dispel Undead            Necr           #.......     98%         5    #####..
 Excruciating Wounds      Chrm/Necr      #.........   98%         5    #####..
 Deflect Missiles         Chrm/Air       #.........   100%        6    ######.
 Hydra Form               Tmut           #.........   100%        6    ######.
 Ozocubu's Refrigeration  Ice            #.........   100%        6    ######.
 Simulacrum               Ice/Necr       #.........   100%        6    ######.
 Dragon Form              Tmut           #.........   100%        7    #######
 Ring of Flames           Chrm/Fire      #.........   100%        7    #######
 Chain Lightning          Conj/Air       #####.....   100%        8    #######
 Controlled Blink         Tloc           N/A          100%        8    #######
 Discord                  Hex            #####.....   100%        8    #######
 Disjunction              Tloc           #####.....   100%        8    #######
 Ignition                 Fire           #.........   100%        8    #######
 Dragon's Call            Summ           ######....   100%        9    #######
 Fire Storm               Conj/Fire      #####.....   100%        9    #######
 Glaciate                 Conj/Ice       #####.....   100%        9    #######
 Shatter                  Erth           ######....   100%        9    #######
 Tornado                  Air            #.........   100%        9    #######


Dungeon Overview and Level Annotations

Branches:
Dungeon (15/15)            Temple (1/1) D:4            Lair (6/6) D:9
  Swamp (4/4) Lair:4       Spider (4/4) Lair:3        Slime (5/5) Lair:6
    Orc (2/2) D:11            Elf (3/3) Orc:2        Vaults (5/5) D:13
  Crypt (3/3) Vaults:3       Tomb (0/3) Crypt:3      Depths (5/5) D:15
   Hell (visited)             Dis (0/7) Hell            Geh (2/7) Hell
    Coc (0/7) Hell            Tar (0/7) Hell            Zot (5/5) Depths:5
  IceCv (visited)         Gauntlet (visited)

Altars:
Ashenzari
Cheibriados
Dithmenos
Elyvilon
Fedhas
Gozag
Hepliaklqana
Kikubaaqudgha
Makhleb
Nemelex Xobeh
Okawaru
Qazlal
Ru
Sif Muna
Trog
Uskayaw
Vehumet
Wu Jian
Xom
Yredelemnul
Zin
The Shining One
Jiyva

Shops:
D:7 %   D:8 (   D:11 *   D:14 %   Orc:1 :   Orc:2 =[(*   Elf:1 (   Vaults:2 !
Vaults:4 }**   Depths:1 :   Depths:4 ?

Portals:
Hell: Depths:1 Depths:2 Depths:3 Depths:4 Depths:5
Abyss: Depths:5
Pandemonium: Depths:3 Depths:4

Annotations:
Depths:4 8 runed translucent doors


Innate Abilities, Weirdness & Mutations

You have a pair of small antennae on your head.
You have sharp fingernails.
You have large cloven feet.
You are partially covered in molten scales. (AC +2)
You are partially covered in thin metallic scales. (AC +2)
You tend to lose your temper in combat.
Scrolls take you much longer to read.
You are very clumsy. (Dex -4)
Your flesh is cold resistant. (rC+)
Armour fits poorly on your strangely shaped body.
Your body often deteriorates upon taking damage.
You are frail. (-10% HP)
You have an increased reservoir of magic. (+10% MP)
You sometimes yell uncontrollably at your foes.
You are resistant to electric shocks. (rElec)
You are occasionally teleported next to monsters.
You are very weak. (Str -4)
Your spells are a little easier to cast, but a little less powerful.


Message History

The azure jelly barely misses you.
The azure jelly hits you but does no damage.
You block the slime creature's attack.
The great orb of eyes bites you but does no damage.
The acid blob spits acid at you. The splash of acid misses you.
The splash of acid hits the great orb of eyes!
The great orb of eyes is splashed with acid.
The acid corrodes the great orb of eyes!
The azure jelly hits you.
* * * LOW HITPOINT WARNING * * *
The azure jelly freezes you! You resist.
* * * LOW HITPOINT WARNING * * *
The azure jelly hits you but does no damage.
The azure jelly completely misses you. The azure jelly misses you.
You continue reading the scroll.
The acid blob hits you!
* * * LOW HITPOINT WARNING * * *
You are splashed with acid.
You resist.
You die...

####...................
#......................
####......................
###.....................
..
##.###..................
.. #....#................#
.# #.#..................#
#..#.......JJJ......#
#........JJ@G.....#
###.........J.J.....#
#.............JG...##
#..................#
#..................#
#..............J.J##
##.................#
#...................
##................


You could see 3 acid blobs, 3 azure jellies, a great orb of eyes, 3 slime
creatures, an eye of devastation and a death ooze.

Vanquished Creatures
  the Royal Jelly (Slime:5)
  The ghost of Kejih the Sniper, a legendary NaHu of Okawaru (Zot:2)
  7 orbs of fire
  Mennas (Crypt:2)
  3 juggernauts
  12 ancient liches
  3 Killer Klowns
  Frederick (Vaults:4)
  Margery (Depths:4)
  Saint Roka (Depths:4)
  Geryon (Hell)
  10 caustic shrikes
  Xtahua (Crypt:3)
  A curse toe (Zot:2)
  Nikola (Elf:1)
  7 golden dragons
  7 bone dragons
  A pearl dragon (Zig:10)
  2 profane servitors (Abyss:2)
  5 Brimstone Fiends (Geh:2)
  6 electric golems
  A pandemonium lord (Zig:7)
  18 tentacled monstrosities
  2 hellephants
  A Hell Sentinel (Zig:7)
  25 Orb Guardians (Zot:5)
  2 deep elf blademasters (Elf:3)
  16 liches
  7 titans
  19 acid blobs
  10 quicksilver dragons
  6 sphinxes
  7 ancient champions
  14 death cobs
  26 tentacled starspawn
  6 Executioners
  16 draconian monks
  14 shadow dragons
  A sphinx (shapeshifter) (Vaults:5)
  15 storm dragons
  2 thorn hunters
  11 tengu reavers
  9 fire giants
  11 azure jellies
  A daeva (Abyss:1)
  11 deep elf sorcerers
  10 draconian scorchers
  13 ghost moths
  A black sun (Zig:7)
  4 iron dragons
  15 frost giants
  2 cacodemons (Hell)
  7 emperor scorpions (Spider:4)
  4 balrugs
  19 vault wardens
  2 draconian shifters
  Aizul (Swamp:3)
  2 orc warlords
  9 draconian knights
  2 curse skulls
  10 deep elf elementalists (Elf:3)
  12 ghouls
  8 draconian stormcallers
  10 ironheart preservers
  An angel (Zig:10)
  3 war gargoyles
  9 draconian annihilators
  A spriggan defender (Depths:3)
  8 reapers
  11 entropy weavers
  A juggernaut skeleton (Crypt:3)
  An ophan (Zig:10)
  5 deep elf demonologists
  7 dire elephants
  24 very ugly things
  17 stone giants
  8 green draconians
  14 yellow draconians
  A minotaur (shapeshifter) (Depths:4)
  The ghost of Tanusch the Thaumaturge, a journeyman GnAE of Vehumet (Lair:4)
  2 lorocyprocas
  An apis (Zig:10)
  8 vampire knights
  15 red draconians
  14 black draconians
  11 deep elf annihilators
  A minotaur (Gauntlet)
  13 white draconians
  14 ettins
  12 purple draconians
  2 death oozes (Slime:5)
  9 spark wasps
  A crystal guardian (Vaults:4)
  2 merfolk javelineers (Zig:13)
  A blizzard demon (Depths:4)
  5 eidola
  13 deep elf death magi
  2 green deaths
  4 merfolk impalers
  8 fire dragons
  8 deep elf high priests
  13 yaktaur captains
  2 quicksilver dragon zombies (Abyss:1)
  25 great orbs of eyes
  12 ice dragons
  3 quicksilver dragon skeletons
  35 vault guards
  24 hydras
  2 naga warriors
  16 rakshasas
  7 shambling mangroves
  10 centaur warriors
  A death knight (Depths:3)
  10 spriggan air magi
  5 catoblepae
  38 dancing weapons
  2 merfolk aquamancers (Zig:13)
  15 alligators
  20 ogre magi
  59 two-headed ogres
  7 deep troll earth magi
  6 deep troll shamans
  4 tengu warriors
  2 titan zombies
  46 thrashing horrors
  2 shock serpents (shapeshifter)
  6 death yaks
  10 vampire magi
  Sonja (D:13)
  2 iron golems
  12 spriggan berserkers
  21 hell hogs
  2 orc high priests
  4 sun demons
  4 shock serpents
  Urug (D:11)
  A titan skeleton (Crypt:3)
  5 soul eaters
  Nergalle (Lair:1)
  40 hell knights
  28 deep elf knights
  27 wretched stars
  9 shadow wraiths
  10 sixfirhies
  A fire crab (shapeshifter) (Zig:5)
  2 iron trolls
  A cherub (Zig:10)
  A fire crab (Gauntlet)
  2 storm dragon skeletons
  A salamander mystic (Zig:8)
  22 skeletal warriors
  2 spriggan druids
  2 anaconda zombies (Hell)
  11 unseen horrors
  8 spatial maelstroms
  5 glowing orange brains
  A ghost moth zombie (Abyss:4)
  2 sea snakes (Zig:13)
  A sea snake (shapeshifter) (Abyss:4)
  A glowing orange brain (shapeshifter) (Abyss:4)
  2 shadow demons
  8 flayed ghosts
  19 deep trolls
  2 orange crystal statues (Zig:5)
  7 wizards
  18 deep elf archers
  An unseen horror (shapeshifter) (Depths:3)
  13 swamp dragons
  5 anaconda skeletons
  17 ironbrand convokers
  3 shadow dragon zombies
  10 phantasmal warriors
  13 orc knights
  2 mana vipers
  An orb spider (shapeshifter) (Depths:1)
  2 tengu zombies (Hell)
  18 orb spiders
  16 necromancers
  A lindwurm (shapeshifter) (Vaults:1)
  A harpy (shapeshifter) (Vaults:5)
  9 shining eyes
  2 iron dragon zombies (Geh:2)
  A manticore (shapeshifter) (Zig:4)
  A sphinx zombie (Hell)
  71 deep elf magi
  3 stone giant zombies
  12 orc sorcerers
  14 worldbinders
  11 cyclopes
  3 manticores
  A shining eye (shapeshifter) (Abyss:1)
  32 ugly things
  44 wolf spiders
  2 frost giant zombies
  28 moths of wrath
  23 elephants
  A toenail golem (Abyss:1)
  3 centaur zombies
  A frost giant skeleton (Geh:2)
  An iron dragon skeleton (Abyss:1)
  8 water nymphs (Zig:13)
  A guardian serpent (shapeshifter) (Vaults:2)
  2 fire giant skeletons
  2 naga magi
  15 vault sentinels
  4 guardian serpents
  A dire elephant zombie (Crypt:1)
  13 rust devils
  2 ice statues (Zig:5)
  4 black mambas
  18 smoke demons
  A shock serpent skeleton (Crypt:3)
  2 stone giant skeletons
  5 eyes of devastation
  2 gargoyles
  9 apocalypse crabs
  2 titan simulacra
  9 orange demons
  2 kobold demonologists
  5 torpor snails
  A storm dragon simulacrum (Vaults:2)
  29 spiny frogs
  3 yaktaur zombies
  149 starcursed masses
  7 rime drakes
  5 spriggan zombies
  9 komodo dragons
  A catoblepas zombie (Abyss:2)
  11 ice devils
  61 yaktaurs
  8 efreet
  2 rime drakes (shapeshifter)
  11 freezing wraiths
  3 hellions
  A yaktaur skeleton (Vaults:2)
  3 tormentors
  A redback zombie (D:15)
  18 demonic crawlers
  3 anaconda simulacra
  A komodo dragon (shapeshifter) (Depths:3)
  5 hellwings
  11 red devils
  2 guardian mummies (Zig:2)
  A yellow draconian skeleton (Crypt:1)
  34 jumping spiders
  A queen bee (D:15)
  3 trolls (shapeshifter)
  3 hydra zombies
  17 polar bears
  26 ancient zymes
  3 tengu conjurers
  3 human skeletons
  6 meliai
  45 blink frogs
  A meliai (shapeshifter) (Depths:3)
  9 trolls
  A jumping spider (shapeshifter) (Vaults:3)
  A hornet (shapeshifter) (D:14)
  137 slime creatures
  35 hornets
  14 merfolk (Zig:13)
  5 hydra skeletons
  A jumping spider zombie (Crypt:1)
  9 bog bodies
  An iron dragon simulacrum (Crypt:1)
  9 tyrant leeches
  A harpy skeleton (Abyss:1)
  An ice dragon zombie (Abyss:2)
  2 stone giant simulacra
  6 dream sheep (Lair:4)
  11 hippogriffs
  8 ettin zombies
  23 flying skulls
  A fire dragon zombie (Hell)
  59 raiju
  A shock serpent simulacrum (Abyss:1)
  3 ettin skeletons
  4 ice dragon skeletons
  2 air elementals (Zig:16)
  12 spriggans
  A black mamba zombie (Geh:1)
  A fire dragon skeleton (Geh:2)
  7 shadows
  4 vampires
  A spriggan (shapeshifter) (Depths:2)
  31 redbacks
  5 humans (D:9)
  24 tarantellas
  6 water elementals
  12 wraiths
  2 tarantellas (shapeshifter)
  13 ynoxinuls
  11 fire bats
  69 yaks
  5 basilisks
  17 fire elementals
  2 wyverns
  Grum (D:8)
  7 golden eyes
  A steam dragon (D:13)
  17 neqoxecs
  84 large abominations
  A yaktaur simulacrum (Vaults:2)
  2 emperor scorpion simulacra
  12 chaos spawn
  A black mamba skeleton (Abyss:1)
  A deep troll zombie (Crypt:3)
  8 vampire mosquitoes
  A swamp worm (shapeshifter) (Depths:5)
  A hungry ghost (Abyss:1)
  A monstrous demonspawn zombie (Crypt:1)
  10 spatial vortices
  19 insubstantial wisps
  16 swamp worms
  3 nagas (Abyss:4)
  14 wargs
  2 soldier ants
  3 acid dragons
  2 floating eyes (Depths:3)
  27 hell hounds
  A hydra simulacrum (Hell)
  3 spiny frog zombies
  17 water moccasins
  5 porcupines
  A faun skeleton (Crypt:3)
  41 orc warriors
  3 sky beasts
  A spiny frog skeleton (Hell)
  2 black bears
  3 ice beasts
  8 swamp drakes
  A blink frog zombie (Crypt:3)
  8 eyes of draining
  3 elf zombies
  9 necrophages
  6 centaurs
  An elf skeleton (Vaults:2)
  4 phantoms
  9 boggarts
  23 wolves
  A snapping turtle skeleton (Geh:2)
  2 human zombies
  36 ogres
  A crocodile (shapeshifter) (Abyss:2)
  A lindwurm skeleton (Crypt:1)
  21 crocodiles
  A blink frog skeleton (Crypt:1)
  8 big kobolds
  An octopode zombie (Crypt:2)
  A komodo dragon zombie (Crypt:1)
  28 bullfrogs
  2 earth elementals
  A deep troll simulacrum (Vaults:2)
  2 gnoll sergeants (D:11)
  A water moccasin zombie (D:9)
  3 scorpions
  A raiju zombie (Crypt:1)
  A water moccasin skeleton (D:4)
  A troll zombie (Geh:2)
  26 killer bees
  32 wights
  5 howler monkeys
  7 electric eels
  15 crimson imps
  2 human simulacra (Vaults:2)
  7 quasits
  2 bullfrog zombies
  A basilisk zombie (Crypt:1)
  A black bear zombie (Crypt:2)
  6 jellies
  19 orc priests
  3 bullfrog skeletons
  4 centaur skeletons
  13 hounds
  10 iron imps
  17 orc wizards
  Terence (D:3)
  A porcupine zombie (Crypt:2)
  Ijyb (D:9)
  3 iguanas
  64 small abominations
  10 worker ants
  An acid dragon zombie (Crypt:3)
  A big kobold zombie (Crypt:2)
  3 hound skeletons
  3 mummies (Zig:2)
  2 worker ant zombies
  Robin (D:2)
  4 gnolls (D:4)
  24 adders
  A steam dragon skeleton (Crypt:2)
  2 shadow imps (D:15)
  15 white imps
  8 ufetubi
  An ooze (shapeshifter) (Vaults:5)
  2 oozes
  2 adder zombies
  A lava snake zombie (Crypt:1)
  3 adder skeletons
  2 dart slugs
  5 leopard geckos
  92 orcs
  6 giant cockroaches
  5 hobgoblins (D:2)
  17 jackals
  15 kobolds
  6 quokkas
  4 ball pythons
  8 bats
  4 frilled lizards
  A frilled lizard skeleton (Crypt:3)
  13 goblins
  A goblin skeleton (Crypt:2)
  4 leopard gecko skeletons
  An orc skeleton (Geh:2)
  A quokka skeleton (Crypt:2)
  6 rats (D:1)
  A rat zombie (Crypt:3)
  2 butterflies (Lair:4)
  3 crawling corpses (Elf:3)
  7 fungi
  2 lurking horrors
  8 plants
  36 starspawn tentacles
3980 creatures vanquished.

Vanquished Creatures (collateral kills)
  An ettin (Vaults:5)
  A manticore (Zig:13)
  A vault sentinel (Vaults:5)
  3 merfolk (Zig:13)
  A large abomination (Abyss:2)
  An ogre (Depths:1)
  A wight (Abyss:2)
9 creatures vanquished.

Vanquished Creatures (others)
  A tentacled starspawn (Zig:15)
  A storm dragon (Zot:2)
  A vault warden (Vaults:5)
  2 draconian knights
  A fire giant (Vaults:5)
  A stone giant (Depths:4)
  An ettin (Vaults:5)
  5 yaktaur captains
  A centaur warrior (Depths:4)
  A two-headed ogre (Depths:1)
  A deep troll shaman (Depths:5)
  2 hell hogs
  4 deep elf archers
  An orb spider (Spider:1)
  A wolf spider (Spider:1)
  A deep elf mage (Elf:3)
  A worldbinder (Abyss:4)
  A black mamba (Zig:14)
  A demonic crawler (Spider:4)
  7 yaktaurs
  A merfolk (Zig:13)
  A jumping spider (Spider:1)
  A bog body (Swamp:2)
  A raiju (Abyss:2)
  A spriggan (Swamp:2)
  A water elemental (Abyss:3)
  3 golden eyes (Abyss:4)
  A neqoxec (Zig:15)
  An insubstantial wisp (Swamp:2)
  A floating eye (Slime:5)
  A swamp drake (Swamp:2)
  A starcursed mass (Abyss:2)
  2 necrophages
  A boggart (Depths:4)
  An electric eel (Spider:2)
  An orc wizard (Orc:2)
  An iron imp (Zig:9)
  2 small abominations
  An ufetubus (Abyss:2)
  2 ball lightnings (Lair:4)
  A quokka (D:7)
  8 fungi
  6 lurking horrors
  23 plants
  38 starspawn tentacles
136 creatures vanquished.

Grand Total: 4125 creatures vanquished

Notes
Turn   | Place    | Note
-------+----------+-------------------------------------------
     0 | D:1      | Ijustatesigmund the Hill Orc Fighter began the quest for
                  | the Orb.
     0 | D:1      | Reached XP level 1. HP: 19/19 MP: 1/1
   208 | D:1      | Reached XP level 2. HP: 27/27 MP: 2/2
   885 | D:2      | Noticed Robin
   897 | D:2      | Reached XP level 3. HP: 25/33 MP: 3/3
   911 | D:2      | Killed Robin
  1368 | D:2      | Reached XP level 4. HP: 30/41 MP: 4/4
  1481 | D:2      | Reached skill level 5 in Axes
  1769 | D:2      | Found a shadowy altar of Dithmenos.
  1769 | D:2      | Found a glowing golden altar of the Shining One.
  2259 | D:3      | Noticed Terence
  2277 | D:3      | Killed Terence
  2277 | D:3      | Reached XP level 5. HP: 40/47 MP: 5/5
  2774 | D:4      | Reached skill level 5 in Fighting
  2861 | D:4      | Reached XP level 6. HP: 32/56 MP: 6/6
  3323 | D:4      | Found a staircase to the Ecumenical Temple.
  3349 | D:4      | Found a glowing silver altar of Zin.
  3646 | D:4      | Found a shadowy altar of Dithmenos.
  3654 | D:4      | Reached XP level 7. HP: 52/63 MP: 7/7
  4177 | D:5      | Entered Level 5 of the Dungeon
  4409 | D:5      | Reached skill level 1 in Dodging
  4705 | D:5      | Found an ancient bone altar of Kikubaaqudgha.
  4923 | D:5      | Reached XP level 8. HP: 61/71 MP: 8/8
  5123 | D:6      | Found a blossoming altar of Fedhas.
  5200 | D:6      | Found a shattered altar of Ashenzari.
  5306 | D:6      | Found a shimmering altar of Xom.
  5306 | D:6      | Found a burning altar of Makhleb.
  5529 | D:7      | Found Rocaji's Food Shoppe.
  5564 | D:7      | Noticed a hornet
  5575 | D:7      | Killed a hornet
  5575 | D:7      | Reached skill level 5 in Armour
  5575 | D:7      | Reached skill level 5 in Shields
  5925 | D:7      | Reached XP level 9. HP: 61/80 MP: 9/9
  6127 | D:7      | Found a hazy altar of Hepliaklqana.
  6838 | D:8      | Got an ancient long sword
  6839 | D:8      | Identified the +6 long sword of Understanding {slice,
                  | Str+5} (You found it on level 8 of the Dungeon)
  6843 | D:8      | Noticed Grum
  6849 | D:8      | Reached skill level 10 in Axes
  7158 | D:8      | Killed Grum
  7479 | D:8      | Found a hide-covered altar of Uskayaw.
  7543 | D:8      | Found Qidokoh's Antique Weapon Boutique.
  7786 | D:8      | Reached XP level 10. HP: 78/90 MP: 10/10
  7998 | D:8      | Noticed a two-headed ogre
  8010 | D:8      | Killed a two-headed ogre
  8435 | D:8      | Found an iron altar of Okawaru.
  9243 | D:9      | Found a staircase to the Lair.
  9343 | D:9      | Found a runed translucent door.
  9380 | D:9      | Found a runed translucent door.
  9490 | D:9      | Found an ornate altar of the Wu Jian Council.
  9801 | D:9      | Found a sparkling altar of Nemelex Xobeh.
 10155 | D:9      | Found a runed translucent door.
 10171 | D:9      | Found a runed translucent door.
 10175 | D:9      | Noticed Ijyb
 10220 | D:9      | Reached skill level 5 in Dodging
 10230 | D:9      | Killed Ijyb
 10252 | D:9      | Reached skill level 10 in Fighting
 10252 | D:9      | Reached XP level 11. HP: 42/99 MP: 11/11
 10479 | D:9      | Found a runed translucent door.
 10523 | D:9      | Found a runed translucent door.
 10587 | D:10     | Entered Level 10 of the Dungeon
 10595 | D:10     | Noticed a two-headed ogre
 10606 | D:10     | Killed a two-headed ogre
 10915 | D:10     | Noticed a two-headed ogre
 10926 | D:10     | Killed a two-headed ogre
 12349 | D:11     | Noticed a white ugly thing
 12364 | D:11     | Killed a white ugly thing
 12666 | D:11     | Identified a scroll of acquirement
 13004 | D:11     | Found Onkup's Serpentskin Sales.
 13013 | D:11     | Bought 4 curare-tipped darts for 33 gold pieces
 13065 | D:11     | Found a staircase to the Orcish Mines.
 13446 | D:11     | Noticed a two-headed ogre
 13455 | D:11     | Killed a two-headed ogre
 13455 | D:11     | Reached XP level 12. HP: 66/110 MP: 12/12
 13529 | D:11     | Noticed Urug
 13545 | D:11     | Killed Urug
 14301 | Temple   | Entered the Ecumenical Temple
 14385 | Temple   | Became a worshipper of Cheibriados the Contemplative
 14607 | D:12     | Reached skill level 1 in Invocations
 15045 | D:12     | Noticed a four-headed hydra
 15050 | D:12     | Killed a four-headed hydra
 15089 | D:12     | Reached * piety under Cheibriados
 15471 | D:12     | Reached skill level 5 in Invocations
 15942 | D:12     | Gained mutation: Your spells are a little harder to cast,
                  | but a little more powerful. [potion of mutation]
 15942 | D:12     | Gained mutation: You are partially covered in thin metallic
                  | scales. (AC +2) [potion of mutation]
 16279 | D:13     | Found a gate to the Vaults.
 16339 | D:13     | Found a gate leading to a gauntlet.
 16352 | Gauntlet | Entered a Gauntlet
 16352 | Gauntlet | Found a transporter.
 16466 | Gauntlet | Found a transporter.
 16492 | Gauntlet | Reached ** piety under Cheibriados
 16506 | Gauntlet | Found a transporter.
 16506 | Gauntlet | Found a transporter.
 16548 | Gauntlet | Found a transporter.
 16904 | Gauntlet | Found a transporter.
 16906 | Gauntlet | Noticed a thrashing horror
 16906 | Gauntlet | Noticed a thrashing horror
 16907 | Gauntlet | Found a transporter.
 16907 | Gauntlet | Noticed a thrashing horror
 16933 | Gauntlet | Found a runed translucent door.
 16934 | Gauntlet | Found a transporter.
 17096 | Gauntlet | Found a transporter.
 17110 | Gauntlet | Killed a thrashing horror
 17110 | Gauntlet | Reached XP level 13. HP: 116/119 MP: 19/19
 17112 | Gauntlet | Got a steaming zirconium amulet
 17114 | Gauntlet | Got a translucent helmet
 17128 | Gauntlet | Identified the +0 helmet of Voklyor {Regen+ Str+4 Stlth+}
                  | (You found it in a Gauntlet)
 17129 | Gauntlet | Identified the amulet "Ejaczyxobeu" {Spirit Int+4} (You
                  | found it in a Gauntlet)
 17147 | Gauntlet | Identified the cursed +0 trident of Gravity {pierce, rF+
                  | Int-2 Dex+3 SInv}
 17147 | Gauntlet | Identified the +7 plate armour of Nemelex Xobeh's Envy
                  | {rPois Int-3 Dex+6}
 17147 | Gauntlet | Identified the cursed +0 shield of New Discoveries {+Blink
                  | MR+ Str+2}
 17147 | Gauntlet | Noticed a minotaur
 17172 | Gauntlet | Killed a minotaur
 17215 | Gauntlet | Found the +4 moon troll leather armour {Spirit, Regen++
                  | MP+5}
 17440 | D:13     | Noticed Sonja
 17450 | D:13     | Killed Sonja
 18117 | D:13     | Reached skill level 10 in Invocations
 18285 | D:14     | Found a shimmering altar of Xom.
 18297 | D:14     | Found Uxojaresk's Food Shop.
 18304 | D:14     | Reached *** piety under Cheibriados
 18545 | D:14     | Found a snail-covered altar of Cheibriados.
 18793 | D:14     | Reached skill level 15 in Axes
 18930 | D:15     | Entered Level 15 of the Dungeon
 18941 | D:15     | Reached **** piety under Cheibriados
 19223 | D:15     | Noticed a fire dragon
 19224 | D:15     | Noticed an ice dragon
 19234 | D:15     | Killed a fire dragon
 19302 | D:15     | Found a staircase to the Depths.
 19343 | D:15     | Killed an ice dragon
 19454 | D:15     | Reached XP level 14. HP: 126/130 MP: 21/23
 19480 | D:15     | Reached ***** piety under Cheibriados
 20121 | Orc:1    | Entered Level 1 of the Orcish Mines
 20134 | Orc:1    | Noticed an orc warlord
 20160 | D:11     | Killed an orc warlord
 20247 | Orc:1    | Found Yvury's Book Shoppe.
 20258 | Orc:1    | Bought a manual of Fighting for 1435 gold pieces
 20549 | Orc:2    | Entered Level 2 of the Orcish Mines
 20563 | Orc:2    | Found Pynysche's Jewellery Boutique.
 20586 | Orc:2    | Paralysed by an orc sorcerer for 5 turns
 20599 | Orc:2    | Reached skill level 15 in Fighting
 20601 | Orc:2    | Reached ****** piety under Cheibriados
 20624 | Orc:2    | Paralysed by an orc sorcerer for 2 turns
 21030 | Orc:2    | Found a staircase to the Elven Halls.
 21072 | Orc:2    | Found Luruj's Antique Armour Shop.
 21104 | Orc:2    | Noticed an orc warlord
 21119 | Orc:2    | Killed an orc warlord
 21212 | Orc:2    | Bought a pair of jewelled gloves for 266 gold pieces
 21217 | Orc:2    | Identified the +1 pair of gloves of the Hidden People {rF-
                  | rC+ Str+3 Int+7} (You bought it in a shop on level 2 of the
                  | Orcish Mines)
 21226 | Orc:2    | Bought a pair of glowing gloves for 210 gold pieces
 21237 | Orc:2    | Found Hynliokh's Antique Weapon Shop.
 21255 | Orc:2    | Found Jinoehar's General Store.
 21644 | Lair:1   | Entered Level 1 of the Lair of Beasts
 21646 | Lair:1   | Noticed Nergalle
 21655 | Lair:1   | Killed Nergalle
 22507 | Lair:2   | Got a pair of ichor-stained gloves
 22518 | Lair:2   | Identified the +1 pair of gloves of Daisies {rC++ Str-5
                  | Int-4 Dex+3} (You found it on level 2 of the Lair of
                  | Beasts)
 22851 | Lair:2   | Reached XP level 15. HP: 150/150 MP: 25/25
 23757 | Lair:3   | Reached skill level 10 in Armour
 23812 | Lair:3   | Reached skill level 10 in Shields
 23837 | Lair:3   | Found a white marble altar of Elyvilon.
 23927 | Lair:3   | Found a hole to the Spider Nest.
 24670 | Lair:4   | Found a staircase to the Swamp.
 24707 | Lair:4   | Found a runed translucent gate.
 24708 | Lair:4   | Found a runed translucent gate.
 24708 | Lair:4   | Noticed Tanusch's ghost (journeyman GnAE)
 24709 | Lair:4   | Found a runed translucent gate.
 25593 | Lair:5   | Found a frozen archway.
 25640 | IceCv    | Entered an ice cave
 25932 | IceCv    | Noticed a frost giant
 25949 | IceCv    | Killed a frost giant
 25996 | IceCv    | Identified the Volume of Snow
 26181 | Lair:5   | Reached XP level 16. HP: 160/162 MP: 25/27
 26224 | Lair:5   | Reached skill level 15 in Invocations
 26792 | Lair:4   | Killed Tanusch's ghost
 26899 | Lair:6   | Entered Level 6 of the Lair of Beasts
 27011 | Lair:6   | Found a viscous altar of Jiyva.
 27012 | Lair:6   | Found a staircase to the Slime Pits.
 27678 | Lair:6   | Learned a level 1 spell: Magic Dart
 27680 | Lair:6   | Learned a level 1 spell: Apportation
 27778 | Spider:1 | Entered Level 1 of the Spider Nest
 27791 | Spider:1 | Reached skill level 1 in Translocations
 27793 | Spider:1 | Reached skill level 1 in Conjurations
 28030 | Spider:1 | Reached skill level 1 in Throwing
 28456 | Spider:2 | Reached XP level 17. HP: 166/170 MP: 29/29
 29420 | Spider:4 | Entered Level 4 of the Spider Nest
 29434 | Spider:3 | Reached skill level 5 in Translocations
 29725 | Spider:4 | Reached skill level 5 in Conjurations
 30439 | Spider:4 | Reached skill level 5 in Throwing
 30445 | Spider:4 | Got a gossamer rune of Zot
 30510 | Spider:4 | Got a scorched plate armour
 30521 | Spider:4 | Identified the +1 plate armour "Jacet" {-Tele rPois Str+4
                  | Slay+2} (You found it on level 4 of the Spider Nest)
 30663 | Lair:4   | Reached XP level 18. HP: 154/178 MP: 22/30
 30895 | Vaults:1 | Entered Level 1 of the Vaults
 30935 | Vaults:1 | Found a flickering gateway to a bazaar.
 30941 | Bazaar   | Entered a bazaar
 30942 | Bazaar   | Found Odowoap's Antique Weapon Shop.
 30951 | Bazaar   | Found Womoas's Distillery.
 30966 | Bazaar   | Found Myrhiata's Magic Scroll Shop.
 30975 | Bazaar   | Found Ruikan's Weapon Boutique.
 30992 | Bazaar   | Bought a scroll of enchant armour for 90 gold pieces
 30992 | Bazaar   | Bought a scroll of identify for 24 gold pieces
 30992 | Bazaar   | Bought a scroll of identify for 24 gold pieces
 30992 | Bazaar   | Bought a scroll of identify for 24 gold pieces
 30992 | Bazaar   | Bought a scroll of fog for 24 gold pieces
 31006 | Bazaar   | Bought a potion of curing for 48 gold pieces
 31006 | Bazaar   | Bought a potion of curing for 48 gold pieces
 31006 | Bazaar   | Bought a potion of curing for 48 gold pieces
 31006 | Bazaar   | Bought a potion of curing for 48 gold pieces
 31015 | Bazaar   | Bought a runed war axe for 227 gold pieces
 31183 | Vaults:1 | Paralysed by a great orb of eyes for 7 turns
 31191 | Vaults:1 | Paralysed by a great orb of eyes for 7 turns
 32225 | Vaults:2 | Reached skill level 1 in Stealth
 32660 | Vaults:2 | Reached XP level 19. HP: 185/185 MP: 32/32
 32943 | Vaults:2 | Noticed a tentacled monstrosity
 32951 | Vaults:2 | Killed a tentacled monstrosity
 33133 | Vaults:2 | Found Saniwk Nieth's Distillery.
 33142 | Vaults:2 | Bought 2 potions of heal wounds for 150 gold pieces
 33142 | Vaults:2 | Bought a potion of curing for 45 gold pieces
 33245 | Vaults:2 | Reached skill level 10 in Dodging
 34091 | Vaults:3 | Found a staircase to the Crypt.
 34648 | Vaults:4 | Reached XP level 20. HP: 195/195 MP: 33/33
 34751 | Vaults:4 | Noticed Frederick
 34759 | Vaults:4 | Killed Frederick
 34856 | Vaults:4 | Found Haagicur's General Store.
 34864 | Vaults:4 | Bought a scroll of brand weapon for 480 gold pieces
 35014 | Vaults:4 | Reached skill level 5 in Stealth
 35029 | Vaults:4 | Found Qued's Gadget Boutique.
 35498 | Vaults:4 | Found Cocvoqyb's Assorted Antiques.
 35516 | Vaults:4 | Bought a transparent lead ring for 140 gold pieces
 35517 | Vaults:4 | Identified the ring "Wiotsatt" {*Contam rF+++ MR++ Int-4
                  | Dex+3} (You bought it in a shop on level 4 of the Vaults)
 36037 | Elf:1    | Entered Level 1 of the Elven Halls
 36079 | Elf:1    | Found a radiant altar of Vehumet.
 36084 | Elf:1    | You fall into a shaft and drop 1 floor!
 36247 | Elf:2    | Found a runed translucent gate.
 36247 | Elf:2    | Found a runed translucent gate.
 36247 | Elf:2    | Found a runed translucent gate.
 36944 | Elf:1    | Reached XP level 21. HP: 171/204 MP: 35/35
 36972 | Elf:1    | Found Veha's Antique Weapon Emporium.
 36992 | Elf:1    | Noticed Nikola
 37014 | Elf:1    | Killed Nikola
 37385 | Elf:1    | Upgraded the game from 0.24-a0-640-ge7cd8ce796 to
                  | 0.24-a0-652-g46ecf6da75
 37454 | Elf:1    | Reached skill level 1 in Spellcasting
 37656 | Elf:3    | Entered Level 3 of the Elven Halls
 38399 | Elf:3    | Reached skill level 1 in Evocations
 38457 | Elf:3    | Reached skill level 5 in Evocations
 38717 | Elf:3    | Identified the cursed +1 falchion of Sulphur {venom, Int+4
                  | Dex+4 Stlth+}
 38717 | Elf:3    | Identified the cursed +1 leather armour of Megofoih {Str+5
                  | Int+3 Stlth+}
 38727 | Elf:3    | Reached XP level 22. HP: 191/213 MP: 36/36
 38771 | Elf:3    | Identified the +5 halberd "Yrazubod" {vamp, Int+2}
 38897 | Elf:3    | Identified the +9 rapier of Plague {speed, Str+2 Dex+4}
 38897 | Elf:3    | Identified the ring "Waxkyvod" {+Inv rC+ rN+ Dex+3}
 39170 | Elf:3    | Identified the cursed +1 hand axe "Koziwiz" {protect, +Inv
                  | rC+ rN+} (You found it on level 3 of the Elven Halls)
 39423 | Depths:1 | Entered Level 1 of the Depths
 39473 | Depths:1 | Found a gateway to Hell.
 39747 | Depths:1 | Found Puffu's Book Emporium.
 39778 | Depths:1 | Bought a manual of Throwing for 1324 gold pieces
 40326 | Depths:1 | Found a bloodstained altar of Trog.
 40541 | Depths:2 | Noticed a golden dragon
 40553 | Depths:2 | Killed a golden dragon
 40584 | Depths:2 | Reached skill level 10 in Evocations
 40944 | Depths:2 | Reached XP level 23. HP: 126/220 MP: 34/38
 41794 | Depths:3 | Identified the ring "Beagrats" {MP+9 Int+7} (You found it
                  | on level 3 of the Depths)
 41834 | Depths:3 | Reached skill level 10 in Throwing
 41849 | Depths:3 | Found a blossoming altar of Fedhas.
 41896 | Depths:3 | Paralysed by a floating eye for 4 turns
 41907 | Depths:3 | Identified the ring of Megalomania {Fire -Tele +Inv Str+2}
 41974 | Depths:3 | Found a blossoming altar of Fedhas.
 42082 | Depths:3 | Identified the ring of Plog {rPois rN+ Stlth-}
 42086 | Depths:3 | Noticed a juggernaut
 42102 | Depths:3 | Killed a juggernaut
 42155 | Depths:3 | Paralysed by a floating eye for 4 turns
 42160 | Depths:3 | Found a one-way gate leading to the halls of Pandemonium.
 42390 | Hell     | Entered the Vestibule of Hell
 42390 | Hell     | Noticed Geryon
 42493 | Depths:3 | Reached XP level 24. HP: 211/228 MP: 38/38
 42619 | Hell     | Killed Geryon
 42779 | Hell     | Found a gateway to the freezing wastes of Cocytus.
 43065 | Hell     | Found a gateway to the decaying netherworld of Tartarus.
 43144 | Hell     | Found a gateway to the ashen valley of Gehenna.
 43289 | Hell     | Found a gateway to the Iron City of Dis.
 43464 | Geh:1    | Entered Level 1 of Gehenna
 43726 | Geh:2    | Reached skill level 15 in Evocations
 44889 | Vaults:4 | Bought a scroll of immolation for 84 gold pieces
 44984 | Vaults:5 | Entered Level 5 of the Vaults
 44995 | Vaults:5 | Reached XP level 25. HP: 205/235 MP: 39/39
 45353 | Vaults:5 | Noticed an ancient lich
 45377 | Vaults:5 | Killed an ancient lich
 45403 | Vaults:5 | Identified the +6 scimitar of Guzantuz {speed, +Rage rElec
                  | rPois}
 45659 | Vaults:5 | Identified the +8 great sword of Ducla {protect, *Noise
                  | rPois Str+7}
 45664 | Vaults:5 | Noticed an ancient lich
 45687 | Vaults:5 | Killed an ancient lich
 45900 | Vaults:5 | Identified the +9 falchion of a Gauntlet {vamp, Dex+6}
 46184 | Vaults:5 | Identified the +1 pair of gloves "Kupun" {rPois Str+3
                  | Stlth-} (You acquired it on level 5 of the Vaults)
 46215 | Vaults:5 | Reached skill level 27 in Invocations
 46340 | Vaults:5 | Noticed an ancient lich
 46349 | Vaults:5 | Killed an ancient lich
 46434 | Vaults:5 | Identified the Handbook of Earthen Transmutation
 46452 | Vaults:5 | Got a silver rune of Zot
 46473 | Vaults:5 | Reached XP level 26. HP: 221/244 MP: 40/40
 46523 | Vaults:5 | Reached skill level 15 in Armour
 47478 | Swamp:1  | Entered Level 1 of the Swamp
 47839 | Swamp:1  | Found a shattered altar of Ashenzari.
 48170 | Swamp:2  | Learned a level 2 spell: Blink
 48892 | Swamp:3  | Noticed Aizul
 48904 | Swamp:3  | Killed Aizul
 48906 | Swamp:4  | Entered Level 4 of the Swamp
 49754 | Swamp:4  | Found an ancient bone altar of Kikubaaqudgha.
 49868 | Swamp:4  | Identified the +8 plate armour "Cietz" {rF+ rC++ Int+3}
                  | (You acquired it on level 4 of the Swamp)
 50140 | Swamp:4  | Got a decaying rune of Zot
 50916 | Depths:3 | Identified the Incunabulum of Malediction and Good Luck
 51365 | Depths:4 | Gained mutation: You are frail. (-10% HP) [a neqoxec]
 51472 | Depths:4 | You fall into a shaft and drop 1 floor!
 51472 | Depths:5 | Entered Level 5 of the Depths
 51472 | Depths:5 | Found a gate to the Realm of Zot.
 51714 | Depths:5 | Reached XP level 27. HP: 209/230 MP: 40/40
 51904 | Depths:4 | Noticed Saint Roka
 52165 | Depths:4 | Killed Saint Roka
 52251 | Depths:4 | Learned a level 3 spell: Portal Projectile
 52259 | Depths:4 | Found Hahiajuf's Magic Scroll Shoppe.
 52267 | Depths:4 | Bought a scroll of identify for 42 gold pieces
 52267 | Depths:4 | Bought a scroll of identify for 42 gold pieces
 52267 | Depths:4 | Bought a scroll of enchant armour for 157 gold pieces
 52267 | Depths:4 | Bought a scroll of blinking for 157 gold pieces
 52267 | Depths:4 | Bought a scroll of blinking for 157 gold pieces
 52267 | Depths:4 | Bought a scroll of fear for 73 gold pieces
 52297 | Depths:4 | Found a large runed translucent door.
 52300 | Depths:4 | Found a large runed translucent door.
 52300 | Depths:4 | Noticed a juggernaut
 52301 | Depths:4 | Found a large runed translucent door.
 52302 | Depths:4 | Found a large runed translucent door.
 52365 | Depths:4 | Found a large runed translucent door.
 52366 | Depths:4 | Found a large runed translucent door.
 52420 | Depths:4 | Found a large runed translucent door.
 52421 | Depths:4 | Found a large runed translucent door.
 52459 | Depths:4 | Noticed Margery
 52464 | Depths:4 | Reached skill level 1 in Hexes
 52482 | Depths:4 | Killed Margery
 52564 | Depths:4 | Found a gateway to a ziggurat.
 52994 | Depths:5 | Noticed a juggernaut
 53010 | Depths:5 | Killed a juggernaut
 53010 | Depths:5 | Reached skill level 5 in Hexes
 53119 | Depths:5 | Noticed a juggernaut
 53129 | Depths:5 | Killed a juggernaut
 53305 | Depths:5 | Found a one-way gate to the infinite horrors of the Abyss.
 53696 | Zig:1    | Entered Level 1 of a ziggurat
 53712 | Zig:2    | Entered Level 2 of a ziggurat
 53837 | Zig:3    | Entered Level 3 of a ziggurat
 53998 | Zig:4    | Entered Level 4 of a ziggurat
 54001 | Zig:4    | Found the +11 plutonium sword {*Contam Stlth-}
 54077 | Zig:5    | Entered Level 5 of a ziggurat
 54263 | Zig:6    | Entered Level 6 of a ziggurat
 54416 | Zig:6    | Got a crude steel ring
 54417 | Zig:6    | Identified the ring "Fedd" {Str+3 Stlth+} (You found it on
                  | level 6 of a ziggurat)
 54431 | Zig:7    | Entered Level 7 of a ziggurat
 54436 | Zig:7    | Noticed Secw the pandemonium lord
 54443 | Zig:7    | Killed Secw the pandemonium lord
 54628 | Zig:8    | Entered Level 8 of a ziggurat
 54873 | Zig:8    | Got a fine ruby amulet
 54874 | Zig:8    | Identified the amulet of Free Expression {Gourm rF+} (You
                  | found it on level 8 of a ziggurat)
 54889 | Zig:8    | Identified Othuyshrei's Incunabulum of Bewitching
                  | Protection
 54896 | Zig:9    | Entered Level 9 of a ziggurat
 55013 | Zig:10   | Entered Level 10 of a ziggurat
 55036 | Zig:10   | Reached skill level 15 in Shields
 55052 | Zig:11   | Entered Level 11 of a ziggurat
 55496 | Zig:11   | Lost mutation: You are frail. (-10% HP) [potion of
                  | mutation]
 55496 | Zig:11   | Lost mutation: Your spells are a little harder to cast, but
                  | a little more powerful. [potion of mutation]
 55496 | Zig:11   | Gained mutation: Your mind is acute. (Int +2) [potion of
                  | mutation]
 55496 | Zig:11   | Gained mutation: You have a somewhat thin skeletal
                  | structure. (Dex +2, Stealth) [potion of mutation]
 55523 | Zig:12   | Entered Level 12 of a ziggurat
 55680 | Zig:12   | Upgraded the game from 0.24-a0-652-g46ecf6da75 to
                  | 0.24-a0-653-g3936067ed8
 55696 | Zig:13   | Entered Level 13 of a ziggurat
 56015 | Zig:13   | Identified the cursed +0 helmet of Rationality {*Corrode
                  | rElec rC+ SInv} (You found it on level 13 of a ziggurat)
 56038 | Zig:14   | Entered Level 14 of a ziggurat
 56170 | Zig:15   | Entered Level 15 of a ziggurat
 56265 | Zig:15   | Got a flickering turquoise ring
 56266 | Zig:15   | Identified the ring "Cutum" {Str+2 Int+3 Dex+3 SInv} (You
                  | found it on level 15 of a ziggurat)
 56334 | Zig:16   | Entered Level 16 of a ziggurat
 56378 | Zig:16   | Found the +27 Lear's hauberk
 56586 | Depths:4 | Reached skill level 27 in Fighting
 56644 | Zot:1    | Entered Level 1 of the Realm of Zot
 57132 | Zot:1    | You fall into a shaft and drop 1 floor!
 57444 | Zot:2    | Found a glowing golden altar of the Shining One.
 57476 | Zot:2    | Identified the Tome of Fire and Brimstone
 57485 | Zot:2    | Identified Jash's Volume of the Zealot
 57510 | Zot:2    | Noticed an orb of fire
 58529 | Zot:2    | Gained mutation: Scrolls take you a little longer to read.
                  | [an orb of fire]
 58534 | Zot:1    | Killed an orb of fire
 58534 | Zot:1    | Reached skill level 27 in Axes
 58808 | Zot:2    | Found a transporter.
 58810 | Zot:2    | Noticed Kejih's ghost (legendary NaHu)
 58811 | Zot:2    | Found a transporter.
 58856 | Zot:2    | Killed Kejih's ghost
 61056 | Zot:5    | Entered Level 5 of the Realm of Zot
 61517 | Zot:5    | Noticed an orb of fire
 61523 | Zot:5    | Noticed an ancient lich
 61526 | Zot:5    | Gained mutation: You are clumsy. (Dex -2) [an orb of fire]
 61528 | Zot:5    | Gained mutation: Armour fits poorly on your strangely
                  | shaped body. [an orb of fire]
 61529 | Zot:5    | Gained mutation: You have a pair of small antennae on your
                  | head. [an orb of fire]
 61529 | Zot:5    | Lost mutation: Your mind is acute. (Int +2) [an orb of
                  | fire]
 61531 | Zot:5    | Killed an orb of fire
 61534 | Zot:5    | Killed an ancient lich
 61977 | Zot:5    | Noticed an orb of fire
 61980 | Zot:5    | Gained mutation: You have sharp toenails. [an orb of fire]
 62001 | Zot:5    | Noticed an ancient lich
 62002 | Zot:5    | Gained mutation: You tend to lose your temper in combat.
                  | [an orb of fire]
 62003 | Zot:5    | Killed an orb of fire
 62005 | Zot:5    | Noticed an ancient lich
 62014 | Zot:5    | Killed an ancient lich
 62018 | Zot:5    | Killed an ancient lich
 62885 | Zot:5    | Noticed an orb of fire
 62891 | Zot:5    | Noticed an orb of fire
 62892 | Zot:5    | Noticed an orb of fire
 62894 | Zot:5    | Noticed an orb of fire
 62895 | Zot:5    | Noticed an ancient lich
 62897 | Zot:5    | Noticed an ancient lich
 62899 | Zot:5    | Killed an orb of fire
 62904 | Zot:5    | Killed an orb of fire
 62904 | Zot:5    | Gained mutation: You are frail. (-10% HP) [an orb of fire]
 62909 | Zot:5    | Gained mutation: You are dopey. (Int -2) [an orb of fire]
 62910 | Zot:5    | Gained mutation: Scrolls take you longer to read. [an orb
                  | of fire]
 62912 | Zot:5    | Killed an orb of fire
 63423 | Zot:5    | Killed an ancient lich
 63439 | Zot:5    | Gained mutation: Your body sometimes deteriorates upon
                  | taking damage. [an orb of fire]
 63445 | Zot:5    | Killed an orb of fire
 63472 | Zot:5    | Killed an ancient lich
 63579 | Zot:5    | Lost mutation: You have sharp toenails. [potion of
                  | mutation]
 63579 | Zot:5    | Lost mutation: Scrolls take you longer to read. [potion of
                  | mutation]
 63579 | Zot:5    | Lost mutation: You are frail. (-10% HP) [potion of
                  | mutation]
 63579 | Zot:5    | Gained mutation: You have an increased reservoir of magic.
                  | (+10% MP) [potion of mutation]
 63579 | Zot:5    | Gained mutation: You are partially covered in molten
                  | scales. (AC +2) [potion of mutation]
 63580 | Zot:5    | Lost mutation: Your body sometimes deteriorates upon taking
                  | damage. [potion of mutation]
 63580 | Zot:5    | Lost mutation: Armour fits poorly on your strangely shaped
                  | body. [potion of mutation]
 63580 | Zot:5    | Lost mutation: Scrolls take you a little longer to read.
                  | [potion of mutation]
 63580 | Zot:5    | Gained mutation: You have sharp fingernails. [potion of
                  | mutation]
 63580 | Zot:5    | Gained mutation: You are resistant to electric shocks.
                  | (rElec) [potion of mutation]
 63581 | Zot:5    | Lost mutation: You are dopey. (Int -2) [potion of mutation]
 63581 | Zot:5    | Lost mutation: You have a somewhat thin skeletal structure.
                  | (Dex +2, Stealth) [potion of mutation]
 63581 | Zot:5    | Lost mutation: You tend to lose your temper in combat.
                  | [potion of mutation]
 63581 | Zot:5    | Gained mutation: Your flesh is cold resistant. (rC+)
                  | [potion of mutation]
 63581 | Zot:5    | Gained mutation: You have large cloven feet. [potion of
                  | mutation]
 64042 | Crypt:1  | Entered Level 1 of the Crypt
 64390 | Crypt:1  | Found a basalt altar of Yredelemnul.
 64659 | Crypt:1  | Learned a level 8 spell: Lehudib's Crystal Spear
 64903 | Crypt:2  | Reached skill level 1 in Earth Magic
 65177 | Crypt:2  | Found the amulet of the Air {Inacc +Fly rElec EV+5 RMsl}
 65186 | Crypt:2  | Noticed Mennas
 65217 | Crypt:2  | Killed Mennas
 65484 | Crypt:3  | Entered Level 3 of the Crypt
 65535 | Crypt:3  | Noticed Xtahua
 65536 | Crypt:3  | Noticed an ancient lich
 65546 | Crypt:3  | Killed Xtahua
 65546 | Crypt:3  | Reached skill level 5 in Earth Magic
 65549 | Crypt:3  | Killed an ancient lich
 65767 | Crypt:3  | Found the +12 Vampire's Tooth {vamp}
 66066 | Crypt:3  | Identified Yxtayfit's Handbook of Evil Secrets
 66144 | Crypt:3  | Identified Eseuh's Almanac of Bewitching Poisoning
 66836 | Crypt:3  | Found a staircase to the Tomb.
 67261 | Depths:5 | Voluntarily entered the Abyss.
 67456 | Coc:7    | Entered Level 7 of Cocytus
 67911 | Depths:5 | Escaped the Abyss
 68330 | Depths:5 | Voluntarily entered the Abyss.
 68433 | Abyss:1  | Reached skill level 10 in Earth Magic
 68760 | Abyss:1  | Reached skill level 10 in Conjurations
 69365 | Abyss:1  | Gained mutation: Your body sometimes deteriorates upon
                  | taking damage. [a shining eye]
 69584 | Slime:5  | Entered Level 5 of the Pits of Slime
 69593 | Abyss:3  | Found a corrupted altar of Lugonu.
 69602 | Abyss:3  | Found a stormy altar of Qazlal.
 69860 | Abyss:4  | Gained mutation: Your spells are a little easier to cast,
                  | but a little less powerful. [a shining eye]
 69861 | Abyss:4  | Gained mutation: Scrolls take you a little longer to read.
                  | [a shining eye]
 69862 | Abyss:4  | Gained mutation: You are weak. (Str -2) [a shining eye]
 70497 | Abyss:4  | Noticed an ancient lich
 70501 | Abyss:4  | Killed an ancient lich
 70538 | Abyss:4  | Paralysed by accursed screaming for 1 turns
 70700 | Abyss:4  | Paralysed by accursed screaming for 1 turns
 70711 | Abyss:4  | Paralysed by accursed screaming for 2 turns
 70739 | Abyss:4  | Paralysed by accursed screaming for 1 turns
 71121 | Abyss:5  | Entered Level 5 of the Abyss
 71121 | Abyss:5  | Entered Level 5 of the Abyss
 71135 | Abyss:5  | Got an abyssal rune of Zot
 71146 | Depths:5 | Escaped the Abyss
 71647 | Depths:5 | Learned a level 7 spell: Spellforged Servitor
 71692 | Depths:5 | Voluntarily entered the Abyss.
 71694 | Abyss:1  | Noticed an ancient lich
 71697 | Abyss:1  | Killed an ancient lich
 72025 | Abyss:1  | Reached skill level 5 in Summonings
 72075 | Abyss:1  | Gained mutation: You are very clumsy. (Dex -4) [a shining
                  | eye]
 72414 | Abyss:1  | Noticed an ancient lich
 72424 | Abyss:1  | Killed an ancient lich
 72478 | Abyss:1  | Found a corrupted altar of Lugonu.
 72623 | Abyss:1  | Paralysed by accursed screaming for 1 turns
 72644 | Abyss:1  | Gained mutation: Your body often deteriorates upon taking
                  | damage. [a shining eye]
 73083 | Abyss:1  | Reached skill level 10 in Summonings
 73310 | Abyss:1  | Gained mutation: Scrolls take you longer to read. [a
                  | neqoxec]
 73485 | Abyss:1  | Found a corrupted altar of Lugonu.
 73506 | Abyss:1  | Found a corrupted altar of Lugonu.
 73520 | Geh:7    | Entered Level 7 of Gehenna
 73566 | Abyss:2  | Found a hide-covered altar of Uskayaw.
 74156 | Abyss:2  | Found a corrupted altar of Lugonu.
 74941 | Abyss:2  | Found a corrupted altar of Lugonu.
 74986 | Abyss:2  | Paralysed by accursed screaming for 1 turns
 75106 | Abyss:2  | Found a corrupted altar of Lugonu.
 75190 | Abyss:2  | Found a corrupted altar of Lugonu.
 75870 | Abyss:2  | Upgraded the game from 0.24-a0-653-g3936067ed8 to
                  | 0.24-a0-715-g0b739ee41d
 76032 | Abyss:2  | Learned a level 6 spell: Iron Shot
 76454 | Depths:5 | Escaped the Abyss
 76816 | Slime:1  | Entered Level 1 of the Pits of Slime
 77115 | Orc:2    | Bought an uncursed ring of resist corrosion for 300 gold
                  | pieces
 77115 | Orc:2    | Bought the ring "Ryczuepp" {rN++ Stlth-} for 375 gold
                  | pieces
 77476 | Slime:1  | Gained mutation: You are very weak. (Str -4) [a shining
                  | eye]
 77646 | Slime:2  | Gained mutation: Scrolls take you much longer to read. [a
                  | shining eye]
 77648 | Slime:2  | Gained mutation: You occasionally shout uncontrollably at
                  | your foes. [a shining eye]
 77659 | Slime:4  | Found a viscous altar of Jiyva.
 77682 | Slime:4  | Gained mutation: You sometimes yell uncontrollably at your
                  | foes. [a shining eye]
 77682 | Slime:4  | Gained mutation: You are occasionally teleported next to
                  | monsters. [a shining eye]
 77689 | Slime:4  | Gained mutation: Armour fits poorly on your strangely
                  | shaped body. [a shining eye]
 77750 | Slime:2  | Gained mutation: You are frail. (-10% HP) [a shining eye]
 78747 | Slime:5  | Entered Level 5 of the Pits of Slime
 79122 | Slime:5  | Paralysed by a floating eye for 4 turns
 79401 | Slime:5  | Gained mutation: You tend to lose your temper in combat. [a
                  | shining eye]
 79504 | Slime:5  | Noticed the Royal Jelly
 79522 | Slime:5  | Killed the Royal Jelly
 79526 | Slime:5  | HP: 12/245 [azure jelly[the Royal Jelly] (8)]
 79527 | Slime:5  | HP: 1/245 [acid blob[the Royal Jelly] (11)]
 79527 | Slime:5  | Splashed by an acid blob's acid

Levels and vault maps discovered:
D:1:      dpeg_arrival_arbitrary_b, layout_basic
D:2:      layout_basic, gammafunk_temple_overflow_pools, uniq_robin
D:3:      layout_basic, chequers_serial_rivers_small_3, uniq_terence
D:4:      layout_loops_ring, kennysheep_mini, minmay_temple_entry_grid,
          portal_sewer_entry_f, nicolae_dithmenos_the_darkroom
D:5:      layout_loops_cross, lemuel_zombie_altar_kikubaaqudgha, first_ration
D:6:      wander_river, layout_rooms, grunt_temple_overflow_champion_of_chaos,
          fedhas_altar_1, lemuel_crystal_altar, serial_glass, glass_columns_c,
          glass_columns_a
D:7:      layout_gridville, lemuel_crystal_altar, serial_shops,
          nicolae_shop_behind_doors, grunt_ogre_cave, lemuel_flame_loot_1
D:8:      layout_basic, lemuel_round_altar, lemuel_doored_altar, serial_shops,
          shop, ebering_dispersal_statue_hall, uniq_grum
D:9:      erik_cavepeople, layout_basic, lemuel_round_altar, old_standard_altar,
          lair_entry_dummy
D:10:     layout_roguey, minmay_holes
D:11:     layout_loops_ring, kennysheep_orc_monster_closet_entryway,
          guppyfry_shop_venom, uniq_urug
D:12:     layout_loops_corners
D:13:     layout_basic, erik_vaults_1, gauntlet_entry_generic,
          lemuel_nasty_fountain, uniq_sonja
D:14:     layout_gridville, cheibriados_altar_1, basic_altar, serial_shops,
          nicolae_shop_crystal, hex_large, hangedman_abyss_or_decor_lesser_grid
D:15:     grunt_enter_depths_hoard, layout_long_grid, minivault_7
Temple:   compressed_dpeg_triangle_lava_temple
Lair:1:   layout_regular_city, disabler_island, uniq_nergalle
Lair:2:   layout_cave_pods, grunt_forest_small_clearings,
          minmay_lair_oklob_chamber, grunt_megastairs_4
Lair:3:   layout_cave_shapes, spider_nest_entry_web_field, basic_altar
Lair:4:   layout_concentric_octagons, skrybe_swamp_entry_bodies,
          gammafunk_ghost_hydra_chop, lemuel_fruit_fields, grunt_megastairs_5,
          lemuel_fruit_tree, infiniplex_staircase_pool_2
Lair:5:   layout_gridlike, portal_ice_cave_entry_animals_and_master,
          nicolae_lair_yak_garden
Lair:6:   minmay_lair_end_frog_pond, layout_regular_city, slime_altar_1
Swamp:1:  layout_basic_swamp, lemuel_altar_in_water, swamp_pool2
Swamp:2:  layout_basic_swamp, evilmike_swamp_ruin_house_3
Swamp:3:  layout_falls_marsh, serial_swamp_ruin, evilmike_swamp_ruin_wall,
          evilmike_swamp_ruin_rubble_2, swamp_pool2,
          nicolae_swamp_round_clearing, uniq_aizul
Swamp:4:  swamp_alternative, layout_basic_swamp, swamp_pool1,
          nicolae_swamp_godswood
Spider:1: layout_spider_delve
Spider:2: layout_spider_delve, nicolae_orb_island
Spider:3: layout_spider_delve
Spider:4: guppyfry_spider_rune, spiders_nest_the_unseen
Slime:1:  layout_caves
Slime:2:  layout_caves
Slime:3:  layout_caves, nicolae_slime_phagocytosis
Slime:4:  layout_caves, basic_altar
Slime:5
Orc:1:    layout_diamond_mine, serial_shops, shop
Orc:2:    grunt_orc_gardens, layout_caves, grunt_orc_garden, grunt_orc_garden,
          grunt_orc_garden, grunt_orc_garden
Elf:1:    eino_elf_arrival_altar, layout_gridlike, serial_shops,
          nicolae_shop_behind_doors, serial_corexii_hall,
          corexii_hall_statues_x, corexii_hall_statues_l,
          hangedman_elven_crosses_minicolossus, uniq_nikola
Elf:2:    layout_geoelf_octagon
Elf:3:    minmay_elf_hall_spiked, layout_gridlike
Vaults:1: v_pattern_2, v_misc_4, hangedman_vaults_snaps,
          hangedman_vaults_stitches, nicolae_vaults_sealed_display,
          vaults_standard_mumra_enter_the_diamond,
          ontoclasm_vaults_claustrophobia, vaults_room_stairs_pillars,
          grunt_vaults_focal, nicolae_vaults_little_ls, vaults_dpeg_ring,
          layout_vaults_big_cross, serial_shops, bzr_entry_safe
Vaults:2: nicolae_vaults_halls_meeting, nicolae_vaults_little_squares_5,
          hangedman_vaults_pinch, nicolae_vaults_ring_of_whatevers, v_misc_30,
          nicolae_vaults_mini_display_case, serial_ice_g,
          layout_vaults_omnigrid, serial_shops, shop
Vaults:3: hangedman_vaults_nodes, v_misc_14, minmay_crypt_entry_vampire_xt,
          dpeg_vaults_monster_box, nicolae_vaults_border_crossing, v_misc_18,
          grunt_vaults_hallway_short, st_cells, nicolae_vaults_shelves_hall,
          nicolae_vaults_network_quincunx
          [nicolae_vaults_network_quincunx_subvault,
          nicolae_vaults_network_quincunx_subvault,
          nicolae_vaults_network_quincunx_subvault,
          nicolae_vaults_network_quincunx_subvault,
          nicolae_vaults_network_quincunx_subvault], vaults_room_grid,
          v_pattern_3, serial_ice_h, layout_vaults_omnibox
Vaults:4: v_alt_pattern_1, v_misc_22, v_alt_pattern_4, hangedman_vaults_slice,
          nicolae_vaults_what_the_h, grunt_vaults_hallway_long,
          hangedman_vaults_trim, v_alt_pattern_4, layout_vaults_chaotic_city,
          serial_shops, nicolae_shop_stone, shop,
          nicolae_shop_temple_entry_statues_fountains, uniq_frederick
Vaults:5
Crypt:1:  layout_chaotic_city, basic_altar, nicolae_crypt_niches, minivault_25,
          grunt_crypt_arrival_webbed
Crypt:2:  layout_regular_city, uniq_mennas
Crypt:3:  david_glass_crypt, layout_misc_corridors,
          nicolae_tomb_entry_rubble_hallway, serial_glass, glass_columns_a,
          glass_columns_b, glass_columns_b, glass_columns_c, eino_tiny_chamber,
          uniq_xtahua
Depths:1: layout_cave_shapes, serial_sigils, serial_sigils_hangedman_quiver,
          serial_sigils_hangedman_confine, serial_sigils_hangedman_leer,
          serial_sigils_hangedman_gnaw, serial_sigils_hangedman_scratch,
          serial_sigils_hangedman_quiver, hell_entry, serial_shops, shop_coins,
          kennysheep_minor_cross, evilmike_spriggan_trog_shrine
Depths:2: nicolae_legendary_halls, layout_cross, hell_entry, hex_medium,
          infiniplex_staircase_zigzag_1
Depths:3: hangedman_spin_cycle, hell_entry, pan_entry
Depths:4: minmay_five_octagons, layout_basic, enter_ziggurat_b,
          marbit_kobold_abyss_entry, serial_bayou_pond_e, serial_shops, shop,
          grunt_metal_band, rand_demon_pan_entry_7, uniq_margery,
          uniq_saint_roka
Depths:5: grunt_zot_entry_bicorn, layout_gridville, hangedman_geh_valley,
          abyss_entry_small_statue_room, serial_bayou_shore_a
Hell
Geh:1:    layout_gehenna_pools_box
Geh:2:    layout_gehenna_pools_basic
Zot:1:    layout_concentric_octagons, grunt_megastairs_2
Zot:2:    nicolae_zot_draconian_monastery, layout_basic, gammafunk_ghost_arena
Zot:3:    layout_onion, grunt_megastairs_3
Zot:4:    kennysheep_bubbly, layout_basic
Zot:5:    layout_misc_corridors

Skill      XL: |  1  2  3  4  5  6  7  8  9 10 11 12 13 14 15 16 17 18 19 20 21 22 23 24 25 26 27 |
---------------+----------------------------------------------------------------------------------+-----
Axes           | 3 4 5 6 8 9 10 11 12 14 15 16 17 18 20 27 | 27.0
Fighting       | 4 5 6 7 8 10 11 12 13 18 19 20 21 22 27 | 27.0
Dodging        | 1 2 4 5 6 8 9 10 11 14 | 14.4
Armour         | 4 5 6 8 9 11 12 13 14 16 26 | 26.2
Shields        | 4 5 6 7 9 11 12 13 14 18 | 18.3
Invocations    | 8 12 13 14 16 17 18 19 20 21 22 23 25 27 | 27.0
Translocations | 3 7 9 |  9.1
Conjurations   | 2 6 14 | 14.9
Throwing       | 1 5 8 11 13 | 13.5
Stealth        | 2 4 5 |  5.1
Spellcasting   | 2 4 |  4.8
Evocations     | 6 11 13 15 17 | 17.0
Hexes          | 9 |  9.2
Earth Magic    | 12 | 12.7
Summonings     | 14 | 14.6

Action                   |  1- 3 |  4- 6 |  7- 9 | 10-12 | 13-15 | 16-18 | 19-21 | 22-24 | 25-27 || total
-------------------------+-------+-------+-------+-------+-------+-------+-------+-------+-------++-------
Melee: War axe           |   109 |   174 |   323 |   703 |   948 |       |       |       |       ||  2257
       Broad axe         |       |       |       |       |   193 |   915 |   858 |  1328 |  4896 ||  8190
       Mace              |       |       |       |       |       |    18 |       |       |       ||    18
       Unarmed           |       |       |       |       |       |       |       |       |    22 ||    22
Throw: Dart              |       |       |       |     4 |    10 |     5 |     6 |     5 |    38 ||    68
 Cast: Apportation       |       |       |       |       |       |       |       |       |    10 ||    10
       Blink             |       |       |       |       |       |       |       |       |     7 ||     7
       Spellforged Servi |       |       |       |       |       |       |       |       |     4 ||     4
       Portal Projectile |       |       |       |       |       |       |       |       |     2 ||     2
Invok: Slouch            |       |       |       |       |     3 |     4 |     1 |     3 |    26 ||    37
       Temporal Distorti |       |       |       |       |       |       |     1 |     1 |     1 ||     3
       Step From Time    |       |       |       |       |       |       |       |       |     3 ||     3
 Abil: Evoke Invisibilit |       |       |       |       |       |       |       |       |    11 ||    11
Evoke: Wand              |       |       |       |    26 |    13 |    34 |    15 |    11 |    72 ||   171
  Use: Scroll            |       |    15 |     3 |    14 |    13 |     6 |    11 |    19 |    49 ||   130
       Potion            |       |       |     2 |    18 |     2 |     5 |     3 |     4 |    37 ||    71
 Stab: Petrified         |       |       |       |       |       |    18 |       |       |       ||    18
       Petrifying        |       |       |       |       |       |     1 |       |       |       ||     1
       Paralysed         |       |       |       |       |       |     3 |       |       |     8 ||    11
       Distracted        |       |       |       |       |       |       |     1 |     1 |     8 ||    10
       Confused          |       |       |       |       |       |       |       |       |     2 ||     2
       Invisible         |       |       |       |       |       |       |       |       |    38 ||    38
  Eat: Chunk             |     1 |     4 |    13 |    13 |     3 |     3 |     4 |     1 |    17 ||    59
       Ration            |       |     1 |       |     5 |     4 |     3 |     3 |     4 |    18 ||    38
Armor: Chain mail        |    65 |    77 |    24 |       |       |       |       |       |       ||   166
       Scale mail        |     2 |       |       |       |       |       |       |       |       ||     2
       Ring mail         |       |       |    68 |    80 |       |       |       |       |       ||   148
       Acid dragon scale |       |       |       |    66 |     4 |       |       |       |       ||    70
       Plate armour      |       |       |       |       |   411 |   450 |   165 |   373 |  1297 ||  2696
Dodge: Dodged            |    26 |    40 |   126 |   282 |   504 |   626 |   354 |   652 |  2533 ||  5143
Block: Shield            |    57 |    94 |   174 |   392 |   912 |  1090 |   841 |  1499 |  5154 || 10213
       Reflection        |       |       |       |       |       |       |    93 |    20 |   196 ||   309

Table legend:
 A = Non-vault XP
 B = Vault XP
 C = Vault XP percentage of total XP
 D = Non-vault monster count
 E = Vault monster count
 F = Vault count percentage of total count
                 A         B        C        D         E       F
            +---------+---------+-------+---------+---------+-------
      Total | 1689946 | 1036274 |  38.0 |    2930 |    1015 |  25.7
            +---------+---------+-------+---------+---------+-------
        D:1 |      29 |       0 |   0.0 |      19 |       0 |   0.0
        D:2 |      66 |      30 |  31.2 |      20 |       9 |  31.0
        D:3 |      36 |      38 |  51.4 |       9 |       1 |  10.0
        D:4 |     598 |      11 |   1.8 |      32 |       5 |  13.5
        D:5 |     543 |       0 |   0.0 |      19 |       0 |   0.0
        D:6 |     371 |      50 |  11.9 |      14 |       1 |   6.7
        D:7 |    1181 |     231 |  16.4 |      25 |       2 |   7.4
        D:8 |    2702 |     308 |  10.2 |      25 |       2 |   7.4
        D:9 |     684 |    2369 |  77.6 |      14 |      18 |  56.2
       D:10 |    4941 |       0 |   0.0 |      42 |       0 |   0.0
       D:11 |    5408 |    2369 |  30.5 |      23 |      23 |  50.0
       D:12 |    6808 |       0 |   0.0 |      42 |       0 |   0.0
       D:13 |    3338 |    2647 |  44.2 |      13 |       3 |  18.8
       D:14 |   10199 |     424 |   4.0 |      25 |       3 |  10.7
       D:15 |   10766 |    3677 |  25.5 |      31 |      17 |  35.4
     Lair:1 |    2160 |    1115 |  34.0 |      10 |       5 |  33.3
     Lair:2 |    4454 |    4058 |  47.7 |      19 |       7 |  26.9
     Lair:3 |    8041 |       0 |   0.0 |      27 |       0 |   0.0
     Lair:4 |    6844 |    4748 |  41.0 |      28 |       6 |  17.6
     Lair:5 |    8204 |    5083 |  38.3 |      33 |      13 |  28.3
     Lair:6 |   12947 |   11542 |  47.1 |      39 |      48 |  55.2
    Swamp:1 |    9223 |       0 |   0.0 |      24 |       0 |   0.0
    Swamp:2 |   19245 |       0 |   0.0 |      51 |       0 |   0.0
    Swamp:3 |   10817 |    1610 |  13.0 |      22 |       1 |   4.3
    Swamp:4 |    9504 |   20211 |  68.0 |      20 |      30 |  60.0
   Spider:1 |   14714 |       0 |   0.0 |      40 |       0 |   0.0
   Spider:2 |    8364 |    2324 |  21.7 |      19 |       5 |  20.8
   Spider:3 |   13323 |       0 |   0.0 |      23 |       0 |   0.0
   Spider:4 |   11444 |   29144 |  71.8 |      30 |      42 |  58.3
    Slime:1 |   13879 |       0 |   0.0 |      24 |       0 |   0.0
    Slime:2 |   11776 |       0 |   0.0 |      19 |       0 |   0.0
    Slime:3 |   10297 |     524 |   4.8 |      20 |       1 |   4.8
    Slime:4 |   19901 |       0 |   0.0 |      40 |       0 |   0.0
    Slime:5 |   13159 |   26956 |  67.2 |      29 |      11 |  27.5
      Orc:1 |    4614 |       0 |   0.0 |      41 |       0 |   0.0
      Orc:2 |    2647 |   10115 |  79.3 |      31 |      27 |  46.6
      Elf:1 |   29417 |   19555 |  39.9 |      45 |      24 |  34.8
      Elf:2 |   10205 |   22892 |  69.2 |      15 |      29 |  65.9
      Elf:3 |   27882 |   54649 |  66.2 |      41 |      39 |  48.8
   Vaults:1 |   21706 |   15201 |  41.2 |      38 |      32 |  45.7
   Vaults:2 |   46358 |   11602 |  20.0 |      71 |      16 |  18.4
   Vaults:3 |    9145 |   45611 |  83.3 |      19 |      61 |  76.2
   Vaults:4 |   34432 |   11885 |  25.7 |      54 |      14 |  20.6
   Vaults:5 |   39126 |  144096 |  78.6 |      60 |      91 |  60.3
    Crypt:1 |   30724 |       0 |   0.0 |      54 |       0 |   0.0
    Crypt:2 |   14251 |    8095 |  36.2 |      27 |       1 |   3.6
    Crypt:3 |   26394 |   33637 |  56.0 |      29 |      18 |  38.3
   Depths:1 |   42976 |    4137 |   8.8 |      53 |       5 |   8.6
   Depths:2 |   43242 |   52256 |  54.7 |      52 |      29 |  35.8
   Depths:3 |    2718 |   89333 |  97.0 |       6 |      89 |  93.7
   Depths:4 |   72125 |   41703 |  36.6 |      61 |      47 |  43.5
   Depths:5 |   59824 |   24936 |  29.4 |      43 |      15 |  25.9
       Hell |   26680 |   23844 |  47.2 |      32 |      46 |  59.0
      Geh:1 |    3145 |       0 |   0.0 |      12 |       0 |   0.0
      Geh:2 |   61604 |       0 |   0.0 |     115 |       0 |   0.0
      Zot:1 |   63470 |     995 |   1.5 |      39 |       2 |   4.9
      Zot:2 |   74364 |   60305 |  44.8 |      43 |      34 |  44.2
      Zot:3 |   28400 |    7172 |  20.2 |      13 |       4 |  23.5
      Zot:4 |   56700 |   21903 |  27.9 |      33 |      12 |  26.7
      Zot:5 |   33500 |  180559 |  84.4 |      21 |      41 |  66.1
    Abyss:1 |  146684 |     517 |   0.4 |     278 |       1 |   0.4
    Abyss:2 |  132854 |     271 |   0.2 |     275 |       8 |   2.8
    Abyss:3 |   19003 |       0 |   0.0 |      39 |       0 |   0.0
    Abyss:4 |   73794 |    2930 |   3.8 |     171 |       2 |   1.2
    Abyss:5 |       0 |    8198 | 100.0 |       0 |      11 | 100.0
      Zig:1 |    1494 |       0 |   0.0 |       1 |       0 |   0.0
      Zig:2 |     930 |       0 |   0.0 |       6 |       0 |   0.0
      Zig:3 |    3218 |       0 |   0.0 |       5 |       0 |   0.0
      Zig:4 |    5996 |       0 |   0.0 |       5 |       0 |   0.0
      Zig:5 |    7182 |    1904 |  21.0 |       6 |       4 |  40.0
      Zig:6 |    6163 |       0 |   0.0 |      10 |       0 |   0.0
      Zig:7 |   16497 |       0 |   0.0 |       9 |       0 |   0.0
      Zig:8 |   12262 |       0 |   0.0 |      10 |       0 |   0.0
      Zig:9 |    9424 |       0 |   0.0 |      16 |       0 |   0.0
     Zig:10 |    8697 |       0 |   0.0 |       5 |       0 |   0.0
     Zig:11 |   13496 |       0 |   0.0 |      23 |       0 |   0.0
     Zig:12 |   23189 |       0 |   0.0 |      27 |       0 |   0.0
     Zig:13 |   17685 |       0 |   0.0 |      39 |       0 |   0.0
     Zig:14 |   27397 |       0 |   0.0 |      30 |       0 |   0.0
     Zig:15 |   24738 |       0 |   0.0 |      39 |       0 |   0.0
     Zig:16 |   17628 |       0 |   0.0 |      18 |       0 |   0.0
      IceCv |       0 |   13707 | 100.0 |       0 |      46 | 100.0
   Gauntlet |       0 |    4797 | 100.0 |       0 |      14 | 100.0
            +---------+---------+-------+---------+---------+-------
